 Dungeon Crawl Stone Soup version 0.26-a0-660-gc07710193c (webtiles) character file.

Game seed: 13105172704102645883

340 smeego the Slasher (level 6, -12/43 HPs)
             Began as an Octopode Fighter on Oct 7, 2020.
             Mangled by Duvessa
             ... wielding a +1 short sword of venom
              (13 damage)
             ... on level 4 of the Dungeon.
             The game lasted 00:03:45 (4066 turns).

smeego the Slasher (Octopode Fighter)               Turns: 4066, Time: 00:03:45

Health: -12/43     AC:  1    Str: 16    XL:     6   Next: 56%
Magic:  0/6        EV: 12    Int: 12    God:
Gold:   224        SH:  9    Dex: 11    Spells: 5/5 levels left

rFire    . . .     SeeInvis .   a - +0 long sword
rCold    . . .     Faith    .   b - +0 kite shield
rNeg     . . .     Spirit   +   (helmet restricted)
rPois    .         Reflect  .   m - amulet of guardian spirit
rElec    .         Harm     .   (no ring)
rCorr    .         Rampage  .   (no ring)
MR       .....                  (no ring)
Stlth    +++.......             (no ring)
HPRegen  0.14/turn              (no ring)
MPRegen  0.10/turn              (no ring)
                                (no ring)
                                (no ring)

@: mighty, lethally poisoned (-12 -> -49), stab, hasted, very quick
A: almost no armour, stealthy swim, amphibious, 8 rings, constrict 8, camouflage
1, gelatinous body 1
a: no special abilities


You were on level 4 of the Dungeon.
You visited 1 branch of the dungeon, and saw 4 of its levels.

You collected 224 gold pieces.

Inventory:

Hand Weapons
 a - a +0 long sword (weapon)
 j - a +2 hunting sling of freezing
 r - a cursed -2 dagger
Missiles
 k - 43 sling bullets
 o - 14 poisoned darts (quivered)
Armour
 b - a +0 kite shield (worn)
Jewellery
 m - an amulet of guardian spirit (around mantle)
Scrolls
 d - 3 scrolls of teleportation
 p - a scroll of amnesia {unknown}
 q - a scroll of identify
Potions
 f - a potion of haste
 h - a potion of heal wounds {unknown}
 i - a potion of lignification {unknown}
 n - a potion of mutation {unknown}


   Skills:
 + Level 3.7 Fighting
 * Level 3.9 Long Blades
 + Level 1.8 Throwing
 + Level 3.7 Dodging
 + Level 2.9 Stealth
 + Level 3.5 Shields
 + Level 2.1 Unarmed Combat


You had 5 spell levels left.
You didn't know any spells.
Your spell library was empty.

Dungeon Overview and Level Annotations

Branches:
Dungeon (4/15)
 Temple: D:4-7

Altars:
Cheibriados
Hepliaklqana
Okawaru
Qazlal
Vehumet
The Shining One

Annotations:
D:4 Duvessa, Natasha


Innate Abilities, Weirdness & Mutations

You cannot wear most types of armour.
You are very stealthy in the water. (Stealth+)
You are amphibious.
You can wear up to eight rings at the same time.
You can use your tentacles to constrict eight enemies at once.
Your skin changes colour to match your surroundings (Stealth+).
Your rubbery body absorbs attacks. (AC +1, EV +1)


Message History

Duvessa screams, "No!
How DARE you!"
Duvessa goes berserk!
You feel sick. Duvessa barely misses you. The quokka bites you.
You slash Duvessa!
Duvessa is heavily wounded.
You constrict Duvessa.
You feel sick. You block Duvessa's attack. The quokka bites you.
* * * LOW HITPOINT WARNING * * *
Unknown command.
You slash Duvessa!
Duvessa is severely wounded.
You constrict Duvessa.
* * * LOW HITPOINT WARNING * * *
You feel sick.
Duvessa hits you with a +1 short sword of venom!
* * * LOW HITPOINT WARNING * * *
You are more poisoned.
The quokka barely misses you.
Duvessa hits you with a +1 short sword of venom!
You die...

**+*+≈≈,,,* *≈≈≈≈≈≈,,,*
*≈≈≈≈≈,,,,* *≈≈≈,,,,,,*
*,,,,,,,,,* **,*****,,*
##########
*,****#.#############...(.....
*,,,,,.......e......#.........
*******#####)@......#.........
#..r.............).
####.#####......... #.#
#......... #.# #.........
#r#** #.........
#..,**###..##### *,,,,* ##.#
*,,,,* **#.#****


You could see Duvessa (berserk) and a quokka.

Vanquished Creatures
  Dowan (D:4)
  An orc wizard (D:3)
  A centaur skeleton (D:4)
  3 gnolls
  8 adders
  A shadow imp (D:3)
  4 worms (D:3)
  3 dart slugs
  3 leopard geckos
  5 orcs (D:3)
  A ball python (D:4)
  5 giant cockroaches
  13 goblins
  8 hobgoblins
  12 jackals
  10 kobolds
  A quokka (D:4)
  11 bats
  6 frilled lizards
  4 rats
101 creatures vanquished.

Notes
Turn   | Place    | Note
-------+----------+-------------------------------------------
     0 | D:1      | smeego the Octopode Fighter began the quest for the Orb.
     0 | D:1      | Reached XP level 1. HP: 16/16 MP: 1/1
   118 | D:1      | Reached XP level 2. HP: 21/21 MP: 2/2
   486 | D:1      | Reached skill level 1 in Stealth
   574 | D:1      | Reached XP level 3. HP: 24/26 MP: 3/3
   695 | D:1      | Reached skill level 1 in Unarmed Combat
   972 | D:2      | Found a glowing golden altar of the Shining One.
  1528 | D:2      | Reached XP level 4. HP: 19/31 MP: 4/4
  2237 | D:3      | Found a radiant altar of Vehumet.
  2312 | D:3      | Reached skill level 1 in Throwing
  2313 | D:3      | Reached XP level 5. HP: 12/36 MP: 2/5
  3074 | D:3      | Found a snail-covered altar of Cheibriados.
  3078 | D:3      | Found a stormy altar of Qazlal.
  3557 | D:3      | Found a hazy altar of Hepliaklqana.
  3719 | D:4      | Found an iron altar of Okawaru.
  3720 | D:4      | Reached XP level 6. HP: 42/42 MP: 6/6
  3722 | D:4      | Noticed Natasha
  4050 | D:4      | Noticed Duvessa
  4051 | D:4      | Noticed Dowan
  4064 | D:4      | Killed Dowan
  4066 | D:4      | HP: 1/43 [Duvessa/+1 short sword of venom (10)]
  4066 | D:4      | Mangled by Duvessa

Illustrated notes

Levels and vault maps discovered:
D:1:      dpeg_arrival_tiny_a, layout_loops_ring
D:2:      layout_basic, nicolae_overflow_crystal_walls
D:3:      layout_basic, nicolae_overflow_hidden_temple, marbit_many_paths,
          minmay_distorted
D:4:      layout_rooms, okawaru_ov_weapons_minmay, portal_sewer_entry_e,
          uniq_natasha, uniq_duvessa, uniq_edmund

Skill      XL: |  1  2  3  4  5  6 |
---------------+-------------------+-----
Stealth        | 1 2 |  2.9
Unarmed Combat | 1 2 |  2.1
Long Blades    | 3 |  3.9
Throwing       | 1 |  1.8
Fighting       | |  3.7
Dodging        | |  3.7
Shields        | |  3.5

Action                   |  1- 3 |  4- 6 || total
-------------------------+-------+-------++-------
Melee: Long sword        |    67 |   118 ||   185
       Constrict         |    18 |    42 ||    60
       Tentacles         |     9 |    35 ||    44
  Use: Scroll            |     4 |     1 ||     5
       Potion            |       |     4 ||     4
 Stab: Sleeping          |     7 |     5 ||    12
Armor: Skin              |     6 |     8 ||    14
Dodge: Dodged            |    25 |    71 ||    96
Block: Kite shield       |    25 |    67 ||    92
       Rpst.: Long sword |     8 |    17 ||    25

Table legend: (Time is in decaauts)
 A = Elapsed time spent in this place.
 B = Non-inter-level travel time spent in this place.
 C = Inter-level travel time spent in this place.
 D = Time resting spent in this place.
 E = Time spent auto-exploring this place.
 F = Levels seen in this place.
 G = Mean time per level.
                   A        B        C        D        E       F      G
               +--------+--------+--------+--------+--------+-----+--------+
         Total |   4124 |   3960 |    164 |    437 |   2885 |   4 | 1031.0 |
       Dungeon |   4124 |   3960 |    164 |    437 |   2885 |   4 | 1031.0 |
               +--------+--------+--------+--------+--------+-----+--------+

Top non-repeatable levels by time:
     D:3: 2032 daAuts
     D:2: 1089 daAuts
     D:1: 935 daAuts
     D:4: 66 daAuts
